[Event "44th Chess Olympiad Open 2022"]
[Site "Chennai"]
[Date "2022.07.30"]
[Round "2.34"]
[White "Tan, Jun Ying"]
[Black "Druska, Juraj"]
[Result "1/2-1/2"]
[WhiteElo "2191"]
[BlackElo "2519"]
[Annotator "ChessBase"]
[PlyCount "67"]
[EventDate "2022.??.??"]
[TimeControl "60"]

1. d4 Nf6 2. c4 c5 3. d5 b5 4. cxb5 a6 5. bxa6 g6 6. Nc3 Bg7 7. Nf3 O-O 8. g3 Qa5 9. Bd2 Nxa6 10. Bg2 d6 11. O-O Qb6 12. Qc1 Nb4 13. Bh6 Nbxd5 14. Nxd5 Nxd5 15. Bxg7 Kxg7 16. Ne5 dxe5 17. Bxd5 Ra4 18. Qc3 Rd4 19. Bf3 Qd6 20. Rfc1 Ba6 21. e3 Rc4 22. Qe1 Rb4 23. b3 c4 24. bxc4 Rc8 25.
a4 Rbxc4 26. Rxc4 Rxc4 27. Be2 Rc6 28. Bxa6 Rxa6 29. a5 Qc5 30. e4 Qd4 31. Kg2 Qc5 32. Kg1 Qd4 33. Kg2 Qc5 34. Kg1 1/2-1/2

[Event "44th Chess Olympiad Open 2022"]
[Site "Chennai"]
[Date "2022.07.30"]
[Round "2.35"]
[White "Laurusas, Tomas"]
[Black "Tran, Thanh Tu"]
[Result "1-0"]
[WhiteElo "2561"]
[BlackElo "2375"]
[Annotator "TA"]
[PlyCount "67"]
[EventDate "2022.??.??"]
[TimeControl "60"]

1. d4 Nf6 2. c4 e6 3. Nf3 d5 4. Nc3 Bb4 5. e3 O-O 6. Bd2 c6 7. Bd3 Nbd7 8. O-O Qe7 9. a3 {[%emt 0:24:55] D46: Semi-Slav: 5 e3 Nbd7 6
Bd3, Black avoids the Meran.} Bd6 10. c5 Bc7 11. e4 {[%emt 0:00:09] White is slightly better.} dxe4 12. Nxe4 {[%emt 0:00:02] [#]} Nd5 $146 ({
Predecessor:} 12... Nxe4 13. Bxe4 h6 14. Qe2 Nf6 15. Bd3 Nd5 16. Rac1 f5 17.
Rfe1 Bd7 18. b4 a6 {1-0 (89) Aczel,G (2532)-Amon,N (2296) Gostovanja 2020}) 13.
Bg5 f6 14. Bh4 Nf4 (14... b6 $11) 15. Bg3 g5 16. Bc4 Re8 (16... Rf7 $16 {
was worth a try.}) 17. Re1 {[%emt 0:00:44] And now h4 would win.} Nf8 (17... Qg7 $16 18. Bxf4 Bxf4) 18. h4 $1 $18 h6 19. Qc2 (19. hxg5 $1 $18 hxg5 20. Nh4 $1)
19... Kg7 20. Rad1 {[%emt 0:04:30] White is more active.} Bd7
{[%emt 0:06:11] [#]} 21. Qc3 $1 Nh7 22. Ba2 Rh8 (22... Qf7 $16 23. Bb1 Qh5) 23. Qb4 b5 (23... Qd8 {was called for.} 24. Bxf4 (24.
Qxb7 Rb8 $16) 24... Bxf4 25. Qxb7 Bc7) 24. Nd6 {[%emt 0:00:19] Threatens to
win with Nf5+.} Kf8 $2 (24... a5) 25. Bxf4 gxf4 26. d5 e5 {[%emt 0:01:21] [#]} 27. Nxb5
$1 cxb5 (27... a5 28. Qe4) 28. d6 Bxd6 29. Rxd6 {[%emt 0:00:09][%cal Yd1d6,Yd6c6,Yc6c8,
Yc8c7] Black must now prevent c6.} Rc8 {[%emt 0:00:48] Against c6} 30. c6 Bxc6 {[%emt 0:00:42] [#]} 31. Rc1 (31. Nxe5
$142 $1 Kg7 32. Nxc6 Qxe1+ 33. Qxe1 Rhe8 34. Qd2 b4 35. Qxf4 Kh8 36. Qxh6)
31... a5 {[%emt 0:00:52] White is clearly winning.} 32. Rdxc6 axb4 33. Rxc8+ Kg7 34. R8c7
{[%emt 0:00:06] Weighted Error Value: White=0.45/ Black=0.72} 1-0

[Event "44th Chess Olympiad Open 2022"]
[Site "Chennai"]
[Date "2022.07.30"]
[Round "2.35"]
[White "Pultinevicius, Paulius"]
[Black "Averbukh, Alex"]
[Result "1-0"]
[WhiteElo "2539"]
[BlackElo "2155"]
[Annotator "TA"]
[PlyCount "133"]
[EventDate "2022.??.??"]
[TimeControl "60"]

1. d4 Nf6 2. c4 c5 3. d5 b5 4. cxb5 a6 5. e3 g6 6. Nc3 d6 7. a4 Bg7 8. Bc4 O-O 9. Nge2 axb5 10. Bxb5 Bb7 11. O-O Na6 {[%emt 0:00:
00] A57: Benko/Volga Gambit.} 12. e4 {[%emt 0:15:14] [#]} Nc7 $146 ({Predecessor:} 12... Qa5 13. h3 Nc7 14. Bc4 Nd7 15. Bg5 Qb4 16. Bd3 Rfe8
17. Nb5 Nxb5 18. Bxb5 Bc8 19. Qd3 {½-½ (64) Gromova,I (2219)-Della Rossa,A 
(1898) Moscow 2008}) 13. Bg5 Nxb5 {[%emt 0:01:39] White is
slightly better.} 14. axb5 Rxa1 15. Qxa1 Qb6 16. Qc1 Bc8 17. Ng3 Bd7 18. h3 (18. Rd1 $11) 18... Rb8 (18... Bxb5 $15 {should be
considered.} 19. Nxb5 Qxb5) 19. Re1 Bxb5 (
19... Qc7 $5 ) 20. Bh6 (20. e5 $11 dxe5 21. Rxe5
) 20... Nd7 (20... Bxh6 $17 21. Qxh6 Bd3) 21. Bxg7 $11 Kxg7 22. Nd1 (22. Nf5+ $11
gxf5 23. Qg5+ Kh8 24. Qxe7) 22... f6 (22... Ne5 $17 {aiming
for ...Ba4.} 23. Qc3 Kg8) 23. Ne3 (23. Re3 $15) 23... Ne5 $2 {
[%emt 0:01:34] [#]} (23... Qa5 $17) 24. Qc3 $2 (24. Nef5+ $1
$14 {stays ahead.} gxf5 25. Nxf5+ Kf8 26. Qh6+ Ke8 27. Qxh7) 24... Ba6 25. Ra1 Bc8 (25... Bd3 $15
26. Ra3 c4) 26. f4 Nf7 27. Nc4 Qb4 28. Ra7 Qxc3 29.
bxc3 Rb7 30. Ra3 Bd7 31. Kf2 h5 32. Nf1 g5 33. fxg5 Nxg5 34.
Nfd2 Bb5 {[%emt 0:01:45] And now ...Bxc4 would win.} 35. Ne3 Bd3 (35... Bd7 $11) 36. Nf5+ $16 Kf7 (36... Kf8 $16) 37. Ke3 $18 Bb5 38. h4 Nh7 39. Rb3 $1 {
[%emt 0:01:56] Nc4 is the strong threat.} Ba6 {[%emt 0:00:15] Inhibits Nc4.}
40. Rxb7 Bxb7 {[%emt 0:00:06] Endgame KBN-KNN} 41. Nf1 $1 Bc8 42. N1g3 Nf8 43. Nxh5 Ng6 (43... Bxf5 {was worth a
try.} 44. exf5 Nd7) 44. Nhg3 Ne5 45. h5 Nc4+ 46. Kf4 e6 47. Ne3 Ne5 48. dxe6+ Kxe6 49. Ngf5 Bb7 50. Ng3 $2 (50. Nd5 $18) 50... Nd3+ $2 (50... Bc8 $1 $11
{and Black is okay.}) 51. Kg4 Ne5+ 52. Kh4 Nf7 {[%emt 0:00:00] [#]} 53. Ng4 $1 d5 54. exd5+ Bxd5 55. Ne3 Bb7 56. Ne2 Ke5 57. Ng4+ Kf5 {[%emt 0:03:06] [#]} 58. Nc1 $1 Ke6 59. Nd3 c4 {[%emt 0:00:00] A
mistake that costs the game.} (59... Kd6 $16 60. Nxf6 Bxg2) 60. Nc5+ Kd5 61. Nxb7 Kc6 62.
Na5+ {[%emt 0:01:19] White mates.} Kb5 {[%emt 0:00:06] [#]} 63. Nxf6 $1 Kxa5 (63... Ne5 64. Nb7) 64. g4 Ka4 65. g5 Kb3 66. g6 Nd6 67. Nd5 {[%emt 0:
00:21] Weighted Error Value: White=0.22 (precise) / Black=0.31} 1-0

[Event "44th Chess Olympiad Open 2022"]
[Site "Chennai"]
[Date "2022.07.30"]
[Round "2.35"]
[White "Kojima, Shinya"]
[Black "Stremavicius, Titas"]
[Result "1/2-1/2"]
[WhiteElo "2346"]
[BlackElo "2532"]
[Annotator "TA"]
[PlyCount "147"]
[EventDate "2022.??.??"]
[TimeControl "60"]

1.
e4 c5 2. Nf3 Nc6 3. Bb5 e5 4.
O-O Bd6 5. c3 a6 6. Ba4 {[%emt 0:00:00] B30: Sicilian: 2...Nc6 3 Bb5, lines without ...
g6.} b5 7. Bb3 c4 8. Bc2 {
[%emt 0:00:09] White is slightly better.} Nf6 9. d4 cxd3 $1 10. Qxd3 Bc7 {[%emt 0:04:20]
[#]} 11. Bg5 $146 ({Predecessor:} 11. Rd1 h6 12. b4 a5 13. Na3
axb4 14. Nxb5 O-O 15. Be3 Bb6 16. c4 Ng4 17. c5 Nxe3 18. Qxe3 {½-½ (103)
Mishra,A (2505)-Stremavicius,T (2520) Saint Louis 2022}) 11... h6 12. Bxf6 Qxf6 13. Bb3 Rb8 14. Nbd2 O-O 15. Rfd1 Rd8 16. Nf1 d6 17. Ne3 {[%emt 0:03:20] Nd5 is the strong
threat.} Ne7 18. Ne1 Bb6 19.
N1c2 g6 20. Rd2 a5 21. a3 Kg7 22. Qe2 h5 23. h3 Qg5 24. Kh1 ({Much worse is} 24. Qf3 f5 25. exf5 gxf5 $15) 24... Qh4 25. Nd5 Be6 26. Nxe7 Qxe7 ({But not} 26... Bxb3 27. Nc6 $16) 27.
Bd5 Ba7 28. Rad1 Bd7 29. Ba2 Bc6 30. Bd5 Be8 31. Rd3 Rbc8 32. Qd2 Bd7 33. Ba2 Bb8 ({Better is} 33... Qh4 $11) 34. Ne3 (34. Rg3 $14 {might be stronger.}) 34... Qh4 $11 35. Bd5 Rf8 36. Nf1 Ba7 37. Ne3 Rcd8 38. Qe2 b4 39. axb4 axb4 40. c4 Bc5 41. Kg1 {[%emt 0:05:52] [#]} (41. Kh2 $15)
41... Rc8 (41... f5 $1 $17 {[%cal Rf5f4] White must now
prevent ...f4.} 42. exf5 e4) 42. Ra1 {[%emt 0:01:50] [#]} ({White should play} 
42. b3 $15) 42... Be6 (42... f5 $1 $17 {[%cal Rf5f4] Strongly
threatening ...f4.} 43. exf5 e4 44. f6+ Rxf6) 43. Qc2 Bd4 (43... Bxd5 $17 44. Rxd5 b3) 44. Qd2 (44. Rad1
$11 {keeps the balance.}) 44... Bxd5 $17 45. Rxd4 exd4 46. Qxd4+ (46. Nxd5 $15 Rxc4 47. b3
) 46... Qf6 $19 47. Qxf6+ Kxf6 48. Nxd5+ {[%emt 0:02:13] Endgame KRR-KRN} Ke5 49. b3 Kxe4 50. Nxb4 Rb8 51. Re1+ Kf5 52. Nc6 Rb6 53. Nd4+ Kf6 54. Nb5 Rc8 (54... d5 $142 55. Nc3 Rxb3 56. Nxd5+ Kg7) 55. Rd1 Ke6 56. Rd3 Rc5 57. Nd4+ (57. Kh2 $142) 57... Ke7 58. Nc2 Ra6 59. Ne3 Ra3 60. g3 Re5 61. h4 Rea5 62. Kg2 Kd7 63. Nd5 Ra6 {[%emt 0:00:26] Inhibits Nb6+.} (63... Ra7 $17 64. Rf3 Kc6
65. Nb4+ Kb6) 64. Rf3 $1 $11 f5 65. Nf4 d5 ({Black should try} 65... Rb6 $11) 66. Nxd5
$14 Re6 67. Rd3 Kc6 68. Nf4 Rd6 69. Rxd6+ (69. Re3 $14) 69... Kxd6 $11 {[%emt 0:00:01] The position is
equal.} 70. Nxg6 Rxb3 71. Nf4 Rc3 72. Nxh5 Rxc4 73. Nf4 Ke5 74. Ng6+ {[%emt 0:00:55] White happily
takes the draw. Weighted Error Value: White=0.16 (very precise) /Black=0.14 
(very precise)} 1/2-1/2

[Event "44th Chess Olympiad Open 2022"]
[Site "Chennai"]
[Date "2022.07.30"]
[Round "2.35"]
[White "Kobayashi, Atsuhiko"]
[Black "Kazakouski, Valery"]
[Result "1-0"]
[WhiteElo "2156"]
[BlackElo "2528"]
[Annotator "TA"]
[PlyCount "117"]
[EventDate "2022.??.??"]
[TimeControl "60"]

1. Nf3 d5 2. e3 Nf6 3. c4 e6 4. Nc3 a6 5. b3 b6 6. cxd5 {[%emt 0:00:07] A17: English
Opening: 1...Nf6 with ...Bb4.} exd5 7. g3 Bb7 8. Bg2 {[%emt 0:00:09] The position is equal.} Bd6 9. Bb2 Nbd7 10. O-O O-O 11. Rc1 Re8 12. Re1 Rc8 {[%emt 0:03:14] [#]} 13. d3 $146 ({Predecessor:} 13. Re2 b5 14. a4 b4 15. Nb1 c5 16. d3
a5 17. Rec2 Nb6 18. Nbd2 Ba6 19. Bf1 {½-½ (54) Korpa,B (2520) -Prohaszka,P 
(2568) Budapest 2021}) 13... c5 14. d4 Qe7 15. Nh4 Qe6 16. Ne2 Ba8 (16... g5 $11 17. Nf3 Qf5) 17. dxc5 bxc5 18. Qd3 Ne5 (18...
Be5 $11 {was preferrable.} 19. Ba3 (19. Nf4 Qb6 $15) 19... Qb6) 19. Qb1 $14 (19. Qxa6 Rc6 20. Qa5 (20. Qb5 Rb8 $17) 20... Nd3 $17) 19...
Ned7 $1 20. Qd3 (20. b4 $14) 20... Be5 21. Qb1 Bxb2 22. Qxb2 g5 23. Nf3 h6 24. Rc2 Qf5 25. Rec1 Rb8 26. h3 Rb6 27. g4 Qg6 28. Ng3 h5 29. gxh5 Nxh5 30. Nxh5 Qxh5 31. Nh2 $1 Rd6 32. Rd2 {[%emt 0:03:23] Inhibits d4.} f5 (32... g4 $5
33. hxg4 (33. Nxg4 f5 $17) 33... Qh4 $15) 33. Qc2 (33. b4 $5 Ne5 34. bxc5 $14) 33... g4 34. hxg4 fxg4 {[%emt 0:00:02] White must now prevent ...Rh6.} 35. Qd1 $2 (35. f3 $11) 35... Ne5 $19 36. Rc4 ({Wrong is} 36. Bxd5+ $2 Bxd5 37. Rxd5 Rh6 38. Qxg4+ Rg6 $19)
36... Nxc4 ({Stronger than} 36... dxc4 37. Rxd6 Bf3 38. Qd2
$17) (36... Rg6 $142 37. Rxd5 (37. Bxd5+ $2 Bxd5 38. Rxd5 Nf3+ 39. Kf1 Qxh2 $19
) 37... Bxd5 38. Qxd5+ Kh8 39. Rxc5 g3 40. fxg3 Rxg3) 37. bxc4 d4 {[%emt 0:00:53] Threatens to win with ...Bxg2.} 38. Nxg4 {[%emt 0:01:27]
[%cal Yg4f6] Hoping for Nf6+!} Qh8 {[%emt 0:00:52] Inhibits Nf6+.} (38... Qh4
$19 {And now ...Bxg2 would win.} 39. Bxa8 Rxa8) 39. Bxa8 (39.
f4 $1 $11) 39... Rxa8 $17 40. exd4 {[%emt 0:00:56] [#]} Rxd4 (40... Qh4 $1 $17 41. Qf3 Rf8) 41. Rxd4 $11 cxd4 {[%emt 0:10:15] Endgame KQR-KQN} 42. Qf3 Rd8 43. Nf6+ Kg7 44. Nh5+ Kh6 {[%emt 0:00:41] ...d3 is the strong threat.} 45. Nf4 Qg8+ 46. Kh2 Kg7 {[%emt 0:00:00] Strongly
threatening ...Kh8.} (46... Qg5 $2 47. Qh3+ Kg7 48. Ne6+ Kf6 49. Nxg5 $18) 47.
Nh5+ Kh6 48. Nf4 Kg7 (48... Qg5 49. Qh3+ Kg7 50. Ne6+ Kf6 51. Nxg5) 49. Nh5+ Kh8 {[%emt 0:00:48] aiming for ...Qg6.} 50. Qf6+ Kh7 51. Qh4 {[%emt 0:02:34] Nf6+ would kill now.} Kg6 52. f4 Qf8 $2 {[%emt 0:01:49] [#]} (52... Rd6
$11 53. f5+ Kxf5 54. Qf4+ Ke6 55. Qe4+ Kd7 56. Qb7+ Ke6 57. Qe4+ Kf7) 53. Qg5+ Kf7 54. Qf6+ Kg8 55. Qg6+ Kh8 56. Nf6 Rd7 57. Qh5+ Kg7 58. Qg5+ Kf7 59. Nxd7 {
[%emt 0:00:06] Never resign too early! Weighted Error Value: White=0.16 (very
precise) /Black=0.36} 1-0

[Event "44th Chess Olympiad Open 2022"]
[Site "Chennai"]
[Date "2022.07.30"]
[Round "2.36"]
[White "Pelletier, Yannick"]
[Black "Al-Aqrabi, Saleh"]
[Result "1-0"]
[WhiteElo "2551"]
[BlackElo "2172"]
[Annotator "ChessBase"]
[PlyCount "75"]
[EventDate "2022.??.??"]
[TimeControl "60"]

1. Nf3 d5 2. d4 c6 3. Bf4 Bf5 4. e3 e6 5. c4 Qb6 6. Qc1 h6 7. Nc3 Nd7 8. c5 Qd8 9. b4 Ngf6 10. h3 Be7 11. Nd2 O-O 12. Be2 Re8 13. g4 Bg6 14. Bg3 Qc8 15.
h4 Ne4 16. Ncxe4 dxe4 17. Nc4 b5 18. Nd6 Bxd6 19. Bxd6 Qd8 20. a4 a6 21. Qb2 Nf6 22. h5 Bh7 23. Kd2 Nd5 24. axb5 axb5 25. Rxa8 Qxa8 26. Ra1 Qc8 27. Ra7 f6 28. Qa3 Kh8 29. Qa5 Bg8 30.
f3 Bh7 31. f4 Qd8 32. Rb7 Qa8 33. Rd7 Bg8 34. Bd1 Qc8 35. Qa7 Nxb4 36. Rxg7 Qa8 37. g5 hxg5 38. fxg5 1-0

[Event "44th Chess Olympiad Open 2022"]
[Site "Chennai"]
[Date "2022.07.30"]
[Round "2.36"]
[White "Baenziger, Fabian"]
[Black "Al-Subaihi, Khalil"]
[Result "1-0"]
[WhiteElo "2451"]
[BlackElo "2141"]
[Annotator "TA"]
[PlyCount "45"]
[EventDate "2022.??.??"]
[TimeControl "60"]

1. d4 Nf6 2. c4 e6 3. Nf3 d5 4. g3 c5 5. cxd5 exd5 6. Bg2 h6 7. O-O Nc6 8. Nc3 Be7 9. dxc5 {[%emt 0:03:30] D34: Tarrasch Defence: 6
g3 Nf6 7 Bg2 Be7.} Bxc5 10. a3 {[%emt 0:00:08] [#]} d4 $146 (10... a6 $14) ({Predecessor:} 10... a5 11. b3 O-O 12. Bb2 Bf5
13. Rc1 Be7 14. Nd4 Bg6 15. Nxd5 Nxd5 16. Rxc6 bxc6 17. Nxc6 {1-0 (51) Peng,L 
(2517)-Ingvason,J (2172) Reykjavik 2022}) 11. Na4 $16 {[%emt 0:04:37] White is
better.} Be7 12. b4 d3 13.
exd3 Bf5 14. Re1 {[%emt 0:03:24] aiming for
b5.} O-O 15. Bb2 Bxd3 {[%emt 0:20:58] [#]} (
15... Rc8 $16 16. b5 Na5) 16. Nd4 $1 $18 Nxd4 17. Qxd3 Ne6 18. Qb3 b5 (18... Rc8 $142 19. Bxb7 Rc7) 19. Nc3 {[%emt 0:07:32] Strongly
threatening Rxe6.} Rb8 20. Nd5 {[%emt 0:06:06] Inhibits Qb6.
White is more active.} Nxd5 21. Bxd5 {[%emt 0:00:06] This
bishop pair is nice.} Nc7 {[%emt 0:02:59] [#]} (21... Bf6 $16 {is a better
chance.}) 22. Rad1 ({Wrong is} 22. Qc3 $2 Bf6 23. Bxf7+ Rxf7
$19) 22... Nxd5 23. Rxd5 {[%emt 0:00:08] Weighted Error Value:
White=0.10 (very precise) /Black=0.63} 1-0

[Event "44th Chess Olympiad Open 2022"]
[Site "Chennai"]
[Date "2022.07.30"]
[Round "2.36"]
[White "Al-Zendani, Zendan"]
[Black "Georgiadis, Nico"]
[Result "0-1"]
[WhiteElo "2284"]
[BlackElo "2578"]
[Annotator "TA"]
[PlyCount "81"]
[EventDate "2022.??.??"]
[TimeControl "60"]

1. c4 e5 2. Nc3 Nf6 3. Nf3 Nc6 4. e4 Bb4 5. d3 d6 6. h3 {[%emt 0:01:16] A28: English
Opening: Four Knights Variation.} O-O 7. Be2 Ne7 8. O-O {[%emt 0:09:07] The position is equal.} c6 {
[%emt 0:00:00] [#]} 9. Bg5 $146 ({Predecessor:} 9. a3 Bxc3 10.
bxc3 Ng6 11. Re1 Re8 12. Bf1 Bd7 13. Qb3 Qc8 14. Rb1 b6 15. Kh2 {½-½ (49)
Vallejo Pons,F (2629)-Kasparov,G (2838) Linares 2002}) 9... Ng6 10. Nh4 Nxh4 11. Bxh4 h6 12. Bxf6 Qxf6 13. Bg4 Be6 14. Rb1 Qe7 15. Qf3 g6 16. Qg3 Kh7 17. Bxe6 fxe6 18. a3 Bc5 19. b4 Bd4 20. Ne2 Bb6 21. Kh1 a5 22. bxa5 Bc5 23. f4 exf4 24. Rxf4 e5
{[%emt 0:01:34] Against d4} 25. Rff1 (25. Rxf8 $11 Rxf8 26.
Ng1) 25... Rxf1+ $17 (25... Bxa3 $2 26. Rxf8 Rxf8 27. d4 $18)
26. Rxf1 Rxa5 27. Qg4 Rxa3 28. Qc8 {[%emt 0:04:36] Prevents Ra8.} Kg7 {[%emt 0:01:31]
Inhibits Rf8.} ({Much weaker is} 28... Rxd3 $6 29. Rf8 h5 30. Rh8+ Kg7 31. Qg8+
Kf6 32. Rh7 Qxh7 33. Qxh7 $11) 29. d4 $2 {[%emt 0:01:38] [#] Loses the game.} (
29. Rb1 $17 {keeps fighting.} Ra7 30. Kh2) 29... Bxd4 $19 ({
Not} 29... exd4 30. Nf4 Kh7 31. Ne6 $11) 30. Nxd4 exd4 {
[%emt 0:00:05] Endgame KQR-KQR} 31. Rb1 Ra7 32. Qb8 b6 ({Resist} 32... Qxe4 33. Rf1 Qe7
34. Qxa7 $18) 33. Qxb6 c5 34. Qb8 Rd7 35. Qa8 Qf7 36.
Qc6 h5 37. Kg1 Qe7 38. Rb6 Ra7 {[%emt 0:00:00] [#] ( -> ...Ra1+)} 39. Rb1
{[%emt 0:01:16] Prevents Ra1.} (39. Qxd6 $17 {only move.} Qxd6 40. Rxd6) 39...
Qe5 40. Rf1 d3 41. Rd1 $2 {
[%emt 0:32:16] Weighted Error Value: White=0.29 (precise) /Black=0.08 
(flawless)} (41. Qd5 Qxd5 42. exd5) 0-1

[Event "44th Chess Olympiad Open 2022"]
[Site "Chennai"]
[Date "2022.07.30"]
[Round "2.36"]
[White "Al Harazy, Khalid"]
[Black "Kurmann, Oliver"]
[Result "1-0"]
[WhiteElo "2149"]
[BlackElo "2463"]
[Annotator "TA"]
[PlyCount "53"]
[EventDate "2022.??.??"]
[TimeControl "60"]

1. e4 c5 2. Nf3 Nc6 3. c3 Nf6 4. e5 Nd5 5. d4 cxd4 6. cxd4 d6 7. exd6 e6 8. Nc3 Qxd6 9. Bc4 Nxc3 10. bxc3 Be7 11. O-O O-O 12. a4 {[%emt 0:00:17] B22: Sicilian: 2 c3.} b6 13. Re1 Bb7 14. Bd3 {[%emt 0:08:27] 
[#] The position is equal.} Rad8 $146 ({Predecessor:} 14...
Rac8 15. Ba3 Qd8 16. Bxe7 Qxe7 17. d5 Na5 18. dxe6 fxe6 19. Nd4 e5 20. Qh5 h6
21. Rxe5 {1-0 (33) Preotu,R (2487)-Suvorov,A (2313) Chess. com INT 2020}) 15.
Qe2 Qd5 {[%emt 0:04:58] Against Ng5} 16. Be4 (16. Rb1 $5 ) 16... Qa5 (16... Qd7 $11) 17. Qb5 (17. Bd2 $16) 17... Rc8 $1 $11 18. Bd2 Qa6 $2 {[%emt 0:17:40] [#]} ({Better is} 18... Bf6 $14) 19. Qh5 (19. Qb1 $1 $18) 19... f5 $16 20. Bxc6 {
[%emt 0:03:06] White is more active.} ({White should play} 20. Bb1 $16 Nd8 21.
Ne5) 20... Rxc6 $14 21. d5 Rd6 {[%emt 0:00:37] [#]} (21... Rcc8 $1 $14) 22. Bg5 $1 $40 {[%emt 0:
06:12] White is out for blood.} Bxg5 (22... g6 $2 23. Qh4 Bxg5
24. Nxg5 $18) (22... Bf6) 23. Nxg5 h6 {
[%emt 0:00:02] [#]} 24. dxe6 $1 {[%emt 0:01:02][%cal Yh5f7] White wants to
mate with Qf7+!} Bc6 25. e7 Re8 26. Qf7+ Kh8 27. Qf8+ {[%emt 0:00:03]
Weighted Error Value: White=0.29 (precise) /Black=0.83} 1-0

[Event "44th Chess Olympiad Open 2022"]
[Site "Chennai"]
[Date "2022.07.30"]
[Round "2.37"]
[White "Cruz, Cristhian"]
[Black "Cu Hor, Winston Darwin"]
[Result "1-0"]
[WhiteElo "2579"]
[BlackElo "2328"]
[Annotator "TA"]
[PlyCount "87"]
[EventDate "2022.??.??"]
[TimeControl "60"]

1. d4 Nf6 2. c4 g6 3. Nc3 d5 4. Nf3 Bg7 5. Bg5 Ne4 6. Bf4 Nxc3 7. bxc3 O-O 8. e3 c5 9. cxd5 cxd4 10. cxd4 Qxd5 11. Be2 Nc6 {[%emt 0:00:
00] 11...Qa5+ deserves study.} 12. O-O Bf5 13. h4 $5 {[%emt 0:00:50][%cal Yh2h4,Yh4h5] [#] An interesting side line. D80:
Grünfeld: Unusual White 4th moves and 4 Bg5.} Rad8 $146 ({
Predecessor:} 13... Rfc8 14. h5 Nb4 15. h6 Bf6 16. Qa4 a5 17. a3 Bd7 18. Qd1
Nc2 19. Rb1 b5 20. Qd3 Qa2 {0-1 (92) Hakobyan,A (2612)-Fedoseev,V (2701) Chess.
com INT 2022}) 14. h5 Be4 15. h6 {[%emt 0:30:
38] White has an edge.} Bh8 16. Qa4 Qf5 17. Bg3 Qh5 $1 18. Rac1 Qxh6 19. Rc5 Bf6 20. Rfc1 {[%emt 0:01:22] White has compensation.} Rd5 21. Bf4 g5 22. Bg3 Rfd8 23. Nd2 Rxc5 24. Rxc5 Bd5 25. Bc4 Bxc4 26. Qxc4 Qh5 27. Nf3 e6 28. Qb5 Be7 ({Black should play} 28... Rd7 $1 $11) 29. Rc1 $1 $14 Rd7 30. Ne5 $36 {[%emt 0:00:17] Black is under strong pressure.}
a6 31. Qa4 (31. Qb6 $1 $16 Nxe5 32. Bxe5)
31... Nxe5 $11 32. Bxe5 Rd8 33. Qa5 f6 34. Bg3 Qe8 35. Qb6 Kf7 (
35... Ba3 $11 {keeps the balance.} 36. Rc7 Rc8) 36. Qxb7 {[%emt 0:00:35] White
is more active.} Qa4 37. Qe4 $1 f5 38. Qf3 g4 {[%emt 0:00:36] [#]} (38... Kg6 $16) 39.
Qf4 $1 $18 {[%emt 0:00:46] aiming for Qh6.} Kg6 {[%emt 0:00:39] [#] Prevents
Qh6+. Threatens to win with ...Bd6.} 40. Qe5 Qxa2 (40... Kf7) 41. e4 {[%emt 0:09:12][%cal Yd4d5] Hoping for d5! White is
clearly winning.} ({And not} 41. Rc7 Bf6 42. Qc5 h5 $15) 41... Kf7 42. d5 fxe4 43. Qxe6+ Kf8 44. Qh6+ {[%emt 0:00:00] Weighted Error Value: White=0.13
(very precise) /Black=0.20 (precise)} ({Not} 44. Rc7 Qa1+ 45. Kh2 Qf6 $18) 1-0

[Event "44th Chess Olympiad Open 2022"]
[Site "Chennai"]
[Date "2022.07.30"]
[Round "2.37"]
[White "Terry, Renato"]
[Black "Lorenzana, Wilson Estuardo"]
[Result "1/2-1/2"]
[WhiteElo "2502"]
[BlackElo "2182"]
[Annotator "TA"]
[PlyCount "90"]
[EventDate "2022.??.??"]
[TimeControl "60"]

1. Nf3 c5 2. e3 Nf6 3. d4 e6 4. Bd3 d5 5. c3 Nbd7 6. Ne5 {[%emt 0:18:19] D05: Colle System with ...e6.} Nxe5 7. dxe5 Nd7 8. f4 {[%emt 0:
00:00] The position is equal.} g6 {[%emt 0:06:40] [#]} (8... c4 $11 9. Bc2 b5)
9. c4 $146 ({Predecessor:} 9. h4 f6 10. h5 fxe5 11. hxg6 e4
12. Qh5 Bg7 13. gxh7+ Kf8 14. Be2 Nf6 15. Qg5 {1-0 (26) Castellanos Gomez,A 
(2238)-Silva Rodriguez,F (2235) Almansa 2017}) 9... dxc4 10.
Bxc4 Nb6 {[%emt 0:00:04] [#] ...Qxd1+ is the strong threat.}
11. Qxd8+ (11. Bd3 {seems wilder.} c4 12. Be4 Qxd1+ 13. Kxd1
Nd5 14. Nc3) 11... Kxd8 12. Be2 Bd7 13. Bf3 Kc7 14. Nc3 Bc6 15. Bxc6 Kxc6 16. Ke2 Be7 17. Ne4 Nd5 18. Bd2 b6 19. Rac1 a5 20. a4 Rad8 21. Rhf1 Rd7 22. Be1 Rhd8 23. g4 f5 24. exf6 Nxf6 25. Nf2 Nd5 26. Ne4 h6 (
26... Nf6 $5 27. Nf2 Nd5 $11) 27. Rf3 Nf6 28. Nf2 g5 ({Black should try
} 28... Bd6 $11) 29. Rc4 $14 Rg8 30. f5 (30. Nd3 $14) 30... exf5 $11 31. Rxf5 Rg6 32. Nd3 {[%emt 0:01:09] [#]
Strongly threatening Ne5+.} Bd6 33. h3 Re7 34. Kf3 Nd7 35. b3 Rge6 $1 36. Bd2 Bh2 {[%emt 0:02:34]
White should prevent ...Bg1.} 37. Kg2 {[%emt 0:00:13] Against Bg1} (37. b4 $11)
37... Rd6 $17 38. Rc3 Be5 39. Nxe5+ Nxe5 (39... Rxe5 $17 40. Be1 Rxf5
41. gxf5 Nf6) 40. Be1 $1 $15 Nd3 41. Bf2 (41. Bg3 $1 $15 Rxe3 42. Bxd6 Ne1+ 43. Kf1 Rxc3 44. Rf6 Rf3+
45. Rxf3 Nxf3 46. Bf8) 41... Ree6 ({Black should play} 41...
Nb2 $17 {Hoping for ...Nd1.} 42. Bg3 Rde6) 42. Kf3 Nxf2 43. Kxf2 {[%emt 0:00:00] Black is slightly better.} Rd2+ 44. Kf3 Rh2 45. Kg3 Re2 {[%emt 0:00:00] Weighted Error Value: White=0.17 (very precise) /
Black=0.15 (very precise)} 1/2-1/2

[Event "44th Chess Olympiad Open 2022"]
[Site "Chennai"]
[Date "2022.07.30"]
[Round "2.37"]
[White "Juarez Flores, Carlos A."]
[Black "Escalante Ramirez, Brian Sebasti"]
[Result "1-0"]
[WhiteElo "2335"]
[BlackElo "2496"]
[Annotator "ChessBase"]
[PlyCount "85"]
[EventDate "2022.??.??"]
[TimeControl "60"]

1. d4 e6 2. Nf3 Nf6 3. g3 c5 4. c4 cxd4 5. Nxd4 d5 6. Bg2 e5 7. Nc2 d4 8. O-O Nc6 9. e3 d3 10. Ne1 e4 11. Nc3 Bb4 12. Bd2 Bg4 13.
f3 exf3 14. Bxf3 Bh3 15. Rf2 O-O 16. Nd5 Nxd5 17. Bxd5 Be6 18. Bxb4 Nxb4 19. e4 Bxd5 20. exd5 b5 21. Nxd3 Nxd3 22. Qxd3 bxc4 23. Qxc4 Qb6 24. Rd1 Rad8 25. Qd4 Qa6 26. d6 Qxa2 27. d7 Qb3 28. Ra1 Rb8 29. Rxa7 Rfd8 30. Re2 h5 31. Ra5 Qf3 32. Rg5 g6 33. Rge5 Qc6 34. Re7 Rf8 35. b4 Ra8 36. Qe4 Ra1+ 37. Re1 Qb6+ 38. Kh1 Ra2 39. Re8 Rd2 40. Qa8 Qf2 41. Rxf8+ Kg7 42. Rg8+ Kh6 43. Qf8+ 1-0